 Dungeon Sprint DCSS version 0.17.1-3-g152610e (webtiles) character file.

1000000 Groucho the Hoplite (level 15, -46/148 HPs)
             Began as a Formicid Fighter on Apr 23, 2016.
             Was a Follower of Makhleb.
             Annihilated by a meat berserker
             ... wielding a +9 battleaxe
              (51 damage)
             ... in the Dungeon (Sprint VIII: "Arena of Blood").
             The game lasted 00:00:34 (10 turns).

Groucho the Hoplite (Formicid Fighter)                Turns: 10, Time: 00:00:34

Health: -46/148    AC: 12    Str: 21    XL:     15   Next: 8%
Magic:  15/15      EV: 10    Int: 10    God:    Makhleb [*.....]
Gold:   0          SH: 17    Dex: 14    Spells: 0 memorised, 14 levels left

rFire  . . .     SeeInvis +     l - +∞ Axe of Woe
rCold  . . .     Clarity  .     b - +0 scale mail
rNeg   . . .     SustAt   .     c - +0 shield
rPois  .         Gourm    .     (helmet unavailable)
rElec  .         Spirit   .     (no cloak)
rCorr  .         Warding  .     (no gloves)
rMut   .         Stasis   +     (no boots)
MR     +....                    (no amulet)
Stlth  ..........               (no ring)
                                (no ring)

@: somewhat resistant to hostile enchantments, extremely unstealthy
A: permanent stasis, dig shafts and tunnels, four strong arms, antennae 3
a: Dig, Renounce Religion


You were in the Dungeon.
You worshipped Makhleb.
Makhleb was aware of your devotion.
You were not hungry.

You visited 1 branch

Inventory:

Hand Weapons
 a - a +0 war axe
 l - the +∞ Axe of Woe (weapon)
   (You found it in the Dungeon)
Armour
 b - a +0 scale mail (worn)
 c - a +0 shield (worn)
Scrolls
 k - a scroll of blinking
Potions
 d - a potion of might
 f - a potion of curing
 g - a potion of heal wounds
 h - a potion of haste
 i - 2 potions of magic
 j - a potion of berserk rage
Comestibles
 e - a bread ration


   Skills:
 + Level 22.8 Fighting
 + Level 12.5 Axes
 + Level 22.7 Armour
 + Level 23.6 Shields


You had 14 spell levels left.
You didn't know any spells.

Dungeon Overview and Level Annotations

Branches:
Dungeon (1/1)

Altars:
Makhleb


Innate Abilities, Weirdness & Mutations

You are under a permanent stasis effect.
You can dig through walls and to a lower floor.
Your four strong arms can wield two-handed weapons with a shield.
You have a pair of large antennae on your head (SInv).


Message History

Your Fighting skill gained 2 levels and is now at level 19!
Your Axes skill increases to level 10!
Your Armour skill gained 2 levels and is now at level 19!
Your Shields skill gained 2 levels and is now at level 20!
You have reached level 13!
You slash the meat berserker!
You hew the meat berserker savagely.
You kill the meat berserker!
Makhleb accepts your kill.
Your Fighting skill gained 3 levels and is now at level 22!
Your Axes skill gained 2 levels and is now at level 12!
Your Armour skill gained 3 levels and is now at level 22!
Your Shields skill gained 3 levels and is now at level 23!
You have reached level 14!
You have reached level 15!
Your experience leads to an increase in your attributes!
Increase (S)trength, (I)ntelligence, or (D)exterity?
You feel agile.
You hear a shout! x11
The meat berserker hits you with a +9 battleaxe!!!
You die...

... ....o #..
..{#o . #..
...#{ . ..###..
...###..
......###......
......_......
#..)..# #_@O._#
{ #..o..#
......_......
.....o###......
.o###..
...###.. . #..
...# . #.. ...#
... .....


You could see a meat berserker (berserk) and 3 bags of meat.

Vanquished Creatures
  An ogre (D)
  2 orcs (D)
3 creatures vanquished.

Notes
Turn   | Place    | Note
--------------------------------------------------------------
     0 | D        | Groucho the Formicid Fighter began the quest for the Orb.
     0 | D        | Reached XP level 1. HP: 18/18 MP: 1/1
     3 | D        | Noticed a bag of meat
     4 | D        | Noticed a bag of meat
     4 | D        | Became a worshipper of Makhleb the Destroyer
     5 | D        | Noticed a bag of meat
     6 | D        | Noticed a bag of meat
     6 | D        | Noticed a meat berserker
     8 | D        | Noticed a bag of meat
     8 | D        | Noticed a bag of meat
     9 | D        | Killed a bag of meat
     9 | D        | Reached skill level 17 in Fighting
     9 | D        | Reached skill level 18 in Shields
     9 | D        | Reached XP level 2. HP: 21/47 MP: 2/2
     9 | D        | Reached XP level 3. HP: 23/53 MP: 3/3
     9 | D        | Reached XP level 4. HP: 26/61 MP: 4/4
     9 | D        | Reached XP level 5. HP: 28/67 MP: 5/5
     9 | D        | Reached XP level 6. HP: 30/74 MP: 6/6
     9 | D        | Reached XP level 7. HP: 32/80 MP: 7/7
     9 | D        | Reached XP level 8. HP: 35/88 MP: 8/8
     9 | D        | Reached XP level 9. HP: 37/94 MP: 9/9
     9 | D        | Reached XP level 10. HP: 39/101 MP: 10/10
     9 | D        | Reached XP level 11. HP: 41/107 MP: 11/11
     9 | D        | Reached XP level 12. HP: 44/115 MP: 12/12
     9 | D        | HP: 5/115 [meat berserker/+9 battleaxe (40)]
    10 | D        | Noticed a bag of meat
    10 | D        | Noticed a meat berserker
    10 | D        | Killed a bag of meat
    10 | D        | Reached * piety under Makhleb
    10 | D        | Reached skill level 19 in Fighting
    10 | D        | Reached skill level 10 in Axes
    10 | D        | Reached skill level 20 in Shields
    10 | D        | Reached XP level 13. HP: 5/127 MP: 13/13
    10 | D        | Killed a meat berserker
    10 | D        | Reached skill level 22 in Fighting
    10 | D        | Reached skill level 23 in Shields
    10 | D        | Reached XP level 14. HP: 5/141 MP: 14/14
    10 | D        | Reached XP level 15. HP: 5/148 MP: 15/15
    10 | D        | Annihilated by a meat berserker

Action                   |  1- 3 |  4- 6 |  7- 9 | 10-12 | 13-15 || total
-------------------------+-------+-------+-------+-------+-------++-------
Melee: Executioner's axe |     1 |       |       |     1 |       ||     2
